 Dungeon Crawl Stone Soup version 0.29.1-2-gbd0b4ee654 (webtiles) character file.

Game seed: 14662895777195494541

82 qeuew the Sneak (level 4, -3/22 HPs)
             Began as a Spriggan Brigand on Nov 5, 2022.
             Killed by divine providence
             ... invoked by an orc priest
              (11 damage)
             ... on level 3 of the Dungeon.
             The game lasted 00:03:05 (2339 turns).

qeuew the Sneak (Spriggan Brigand)                  Turns: 2339, Time: 00:03:06

Health: -3/22      AC:  4    Str:  7    XL:     4   Next: 21%
Magic:  7/7        EV: 17    Int: 12    God:
Gold:   107        SH:  0    Dex: 18    Spells: 6/6 levels left

rFire   . . .      SeeInvis +   i - +1 dagger (speed)
rCold   . . .      Faith    .   (no shield)
rNeg    . . .      Spirit   .   b - +0 robe
rPois   .          Reflect  .   (helmet restricted)
rElec   .          Harm     .   c - +1 cloak
rCorr   .          Rampage  .   (gloves unavailable)
Will    .....                   (boots unavailable)
Stlth   ++++......              (no amulet)
HPRegen 0.07/turn               (no ring)
MPRegen 0.10/turn               (no ring)

@: very quick
A: very small, no large weapons, unfitting armour, see invisible, speed 3
a: no special abilities


You were on level 3 of the Dungeon.
You visited 1 branch of the dungeon, and saw 3 of its levels.

You collected 107 gold pieces.

Inventory:

Hand Weapons
 i - a +1 dagger of speed (weapon)
Missiles
 d - 9 poisoned darts (quivered)
 e - 3 curare-tipped darts
Armour
 b - a +0 robe (worn)
 c - a +1 cloak (worn)
Jewellery
 j - an amulet of the acrobat
Scrolls
 g - a scroll of enchant weapon
Potions
 a - 2 potions of lignification {unknown}
 f - a potion of cancellation
 h - a potion of resistance
 k - a potion of might
 m - a potion of brilliance {unknown}


   Skills:
 - Level 1.5 Fighting
 * Level 3.1 Short Blades
 - Level 2.0 Throwing
 * Level 2.5 Dodging
 + Level 7.1 Stealth
 * Level 1.6 Spellcasting


You had 6 spell levels left.
You didn't know any spells.
Your spell library contained the following spells:

 Spells                   Type           Power      Damage    Failure   Level
 Ignite Poison            Fire/Tmut/Pois 0%         N/A       65%         3
 Mephitic Cloud           Conj/Pois/Air  0%         N/A       65%         3
 Freezing Cloud           Conj/Ice/Air   0%         6-21      100%        5


Dungeon Overview and Level Annotations

Branches:
Dungeon (3/15)

Altars:
Qazlal

Shops:
D:3 =

Annotations:
D:3 1050 gold broken amulet


Innate Abilities, Weirdness & Mutations

You are very small and have problems with some larger weapons.
You are too small for most types of armour.
You have supernaturally acute eyesight. (SInv)
You cover ground extremely quickly. (Speed+++)


Message History

You hit the kobold.
You kill the kobold!
The kobold hits you with a +0 club.
Items here: )))) [ †††.
You hit the kobold.
The kobold is moderately wounded.
You completely miss the kobold.
The kobold is moderately wounded.
The kobold hits you with a +0 club.
You closely miss the kobold.
The kobold is moderately wounded.
The kobold barely misses you.
You hit the kobold but do no damage.
The kobold is moderately wounded.
You hit the kobold.
The kobold is severely wounded.
The kobold closely misses you.
You hit the kobold.
You kill the kobold!
The orc priest closely misses you.
Things that are here:
a +0 club; a kobold corpse You barely miss the orc priest.
You hit the orc priest but do no damage.
The orc priest hits you with a +0 short sword.
You hit the orc priest but do no damage.
The orc priest hits you with a +0 short sword.
* * * LOW HITPOINT WARNING * * *
You hit the orc priest.
You punch the orc priest, but do no damage.
The orc priest is moderately wounded.
You hit the orc priest.
The orc priest is moderately wounded.
The orc priest hits you with a +0 short sword.
* * * LOW HITPOINT WARNING * * *
You feel better.
The orc priest mumbles some strange prayers to Beogh against you.
Beogh smites you!
Ouch! That really hurt!
You die...

##### #...# #...# #...#
# #...# ## #.
#######...#####. #..
......'...'...+.
#.#...#########...#####.
#.....o@).............'.
#..##.#########...#####.
# #...'...+...'.
#.###...#####. #.# #####
#. #.# ## #.# ## #.# #.
########.###########.


You could see an orc priest.

Vanquished Creatures
  An iguana (D:3)
  An adder (D:2)
  A worm (D:2)
  A dart slug (D:1)
  3 orcs (D:3)
  5 endoplasms
  A giant cockroach (D:3)
  3 goblins
  4 hobgoblins
  2 jackals (D:1)
  A quokka (D:1)
  4 ball pythons (D:1)
  2 frilled lizards
  7 kobolds
  4 rats
40 creatures vanquished.

Vanquished Creatures (others)
  4 fungi (D:2)
  8 plants (D:2)
12 creatures vanquished.

Grand Total: 52 creatures vanquished

Notes
Turn   | Place    | Note
-------+----------+-------------------------------------------
     0 | D:1      | qeuew the Spriggan Brigand began the quest for the Orb.
     0 | D:1      | Reached XP level 1. HP: 10/10 MP: 2/2
    39 | D:1      | Reached skill level 6 in Stealth
   373 | D:1      | Reached XP level 2. HP: 4/14 MP: 3/3
  1175 | D:1      | Found a stormy altar of Qazlal.
  1438 | D:2      | Reached skill level 1 in Spellcasting
  1525 | D:2      | Reached XP level 3. HP: 18/18 MP: 5/5
  1713 | D:2      | Found a faded altar of an unknown god.
  2099 | D:3      | Reached skill level 7 in Stealth
  2099 | D:3      | Reached XP level 4. HP: 22/22 MP: 5/7
  2254 | D:3      | Found Zeacomp's Jewellery Shoppe.
  2339 | D:3      | Killed from afar by an orc priest

Illustrated notes

Levels and vault maps discovered:
D:1:      dpeg_arrival_water_altar, layout_basic
D:2:      layout_loops_ring, shapermc_ecumenical_altar_mp_urbaneastern
D:3:      layout_basic, vehumet_crystals, serial_shops, nicolae_shop_trees

Skill      XL: |  1  2  3 |
---------------+----------+-----
Stealth        | 6 7 |  7.1
Dodging        | 2 |  2.5
Spellcasting   | 1 |  1.6
Short Blades   | 3 |  3.1
Fighting       | |  1.5
Throwing       | |  2.0

Action                   |  1- 3 |  4- 6 || total
-------------------------+-------+-------++-------
Melee: Dagger            |    81 |    50 ||   131
       Punch             |       |     1 ||     1
  Use: Scroll            |     8 |     2 ||    10
       Potion            |     1 |     1 ||     2
 Stab: Sleeping          |     9 |     3 ||    12
Armor: Robe              |     9 |     1 ||    10
Dodge: Dodged            |    41 |    16 ||    57
